[gd_scene load_steps=9 format=2]

[ext_resource path="res://assets/Rectangle.dae" type="PackedScene" id=1]
[ext_resource path="res://Characters/Enemy/Enemy.material" type="Material" id=2]
[ext_resource path="res://Items/Sword/Sword.tscn" type="PackedScene" id=3]
[ext_resource path="res://Items/Sword/Sword.gd" type="Script" id=4]
[ext_resource path="res://Items/Sword/SwordAnimation2.tscn" type="PackedScene" id=5]
[ext_resource path="res://Characters/Enemy/Diamond.tscn" type="PackedScene" id=6]
[ext_resource path="res://Characters/Beacon.gd" type="Script" id=7]
[ext_resource path="res://Characters/BeaconAnimation.tscn" type="PackedScene" id=8]

[node name="Player" instance=ExtResource( 1 )]

[node name="Cube" parent="." index="0"]
material/0 = ExtResource( 2 )

[node name="Sword" parent="." index="2" instance=ExtResource( 3 )]
transform = Transform( -4.37114e-08, 0.965926, 0.258819, 0, 0.258819, -0.965926, -1, -4.2222e-08, -1.13133e-08, 0.140171, 1.35896, 0.878 )
script = ExtResource( 4 )

[node name="Animation" parent="Sword" index="2" instance=ExtResource( 5 )]
playback_speed = 1.5

[node name="Diamond" parent="." index="3" instance=ExtResource( 6 )]
transform = Transform( 0.12, 0, 0, 0, 0.12, 0, 0, 0, 0.12, 0, 3.525, 0 )
script = ExtResource( 7 )

[node name="Animation" parent="Diamond" index="2" instance=ExtResource( 8 )]

